 Dungeon Crawl Stone Soup version 0.22.0-25-g7663229 (webtiles) character file.

17 Dietz the Magician (level 2, -1/19 HPs)
             Began as a Formicid Wizard on Aug 21, 2018.
             Slain by a leopard gecko (4 damage)
             ... on level 1 of the Dungeon.
             The game lasted 00:01:39 (517 turns).

Dietz the Magician (Formicid Wizard)                 Turns: 517, Time: 00:01:39

Health: -1/19      AC:  2    Str: 11    XL:     2   Next: 80%
Magic:  0/7        EV: 12    Int: 17    God:
Gold:   37         SH:  0    Dex:  9    Spells: 6/9 levels left

rFire    . . .     SeeInvis +   b - +0 short sword
rCold    . . .     Gourm    .   (no shield)
rNeg     . . .     Faith    .   a - +0 robe
rPois    .         Spirit   .   (helmet unavailable)
rElec    .         Reflect  .   (no cloak)
rCorr    .         Harm     .   (no gloves)
MR       .....                  (no boots)
Stlth    ++........             (no amulet)
HPRegen  0.06/turn              (no ring)
MPRegen  0.10/turn              (no ring)

@: very slightly contaminated
A: permanent stasis, dig shafts and tunnels, four strong arms, antennae 3
a: Dig, Shaft Self


You were on level 1 of the Dungeon.
You were not hungry.

You visited 1 branch of the dungeon, and saw 1 of its levels.

You collected 37 gold pieces.

Inventory:

Hand Weapons
 b - a +0 short sword (weapon)
Armour
 a - a +0 robe (worn)
Scrolls
 e - a scroll of magic mapping {unknown}
Potions
 d - 2 potions of curing {unknown}
 f - 2 potions of mutation {unknown}
Comestibles
 c - 2 rations


   Skills:
 - Level 1.7 Dodging
 - Level 2.4 Stealth
 + Level 4.1 Spellcasting
 + Level 0.8 Conjurations
 - Level 1.0 Summonings
   Level 0.8 Translocations


You had 6 spell levels left.
You knew the following spells:

 Your Spells              Type           Power        Failure   Level  Hunger
a - Magic Dart            Conj           #...         11%         1    None
b - Call Imp              Summ           #.......     16%         2    ##.....

Your spell library contained the following spells:

 Spells                   Type           Power        Failure   Level  Hunger
 Slow                     Hex            #.......     24%         2    ##.....
 Conjure Flame            Conj/Fire      #.......     36%         3    ###....
 Mephitic Cloud           Conj/Pois/Air  #.......     38%         3    ###....
 Blink                    Tloc           Unusable     N/A         2    N/A

Dungeon Overview and Level Annotations

Branches:
Dungeon (1/15)

Altars:


Innate Abilities, Weirdness & Mutations

You cannot be hasted, slowed, berserked, paralysed or teleported.
You can dig through walls and to a lower floor.
Your four strong arms can wield two-handed weapons with a shield.
You have a pair of large antennae on your head. (SInv)


Message History

There is an open door here.
The leopard gecko closely misses you.
Your crimson imp closely misses the leopard gecko.
Your crimson imp blinks!
Casting: Call Imp (safe; 16% risk of failure)
Confirm with . or Enter, or press ? or * to list all spells.
Aiming: Magic Dart (safe; 11% risk of failure)
Press: ? - help, Shift-Dir - straight line, f - leopard gecko
Aim: a leopard gecko (clinging)
The magic dart hits the leopard gecko.
The leopard gecko is moderately wounded.
The leopard gecko bites you.
* * * LOW HITPOINT WARNING * * *
Casting: Magic Dart (safe; 11% risk of failure)
Confirm with . or Enter, or press ? or * to list all spells.
Aiming: Magic Dart (safe; 11% risk of failure)
Press: ? - help, Shift-Dir - straight line, f/p - leopard gecko
Aim: a leopard gecko (moderately wounded, clinging)
You miscast Magic Dart.
Your skin tingles.
The leopard gecko bites you.
You die...

....8..≈. ≈≈≈≈≈≈≈≈. ############
..###... ...........# #..##.##
..........)# #######.##.#.
...........# #...##.......
...).).....# #...###..#.#.
...........######## #...# #..#.#.
...........'§5.l@.###...###....#.
#####.....5#####....'............
#......# #..###...##.##..#.
############..########.##.>#.
................#.###.#.
#######..#####.##.# #.#.
#........##.# #... #.#########.#
#### #.# #..


You could see a leopard gecko, a friendly crimson imp and a friendly shadow imp.

Vanquished Creatures
  A dart slug (D:1)
  A giant cockroach (D:1)
  3 goblins (D:1)
  3 hobgoblins (D:1)
  2 kobolds (D:1)
  A frilled lizard (D:1)
  A rat (D:1)
12 creatures vanquished.

Vanquished Creatures (collateral kills)
  A goblin (D:1)
1 creature vanquished.

Grand Total: 13 creatures vanquished

Notes
Turn   | Place    | Note
-------+----------+-------------------------------------------
     0 | D:1      | Dietz the Formicid Wizard began the quest for the Orb.
     0 | D:1      | Reached XP level 1. HP: 13/13 MP: 4/4
   144 | D:1      | Reached XP level 2. HP: 12/19 MP: 6/6
   242 | D:1      | Reached skill level 4 in Spellcasting
   255 | D:1      | Learned a level 2 spell: Call Imp
   517 | D:1      | Slain by a leopard gecko

Skill      XL: |  1  2 |
---------------+-------+-----
Spellcasting   | 4 |  4.1
Dodging        | |  1.7
Stealth        | |  2.4
Conjurations   | |  0.8
Summonings     | |  1.0
Translocations | |  0.8

Action                   || total
-------------------------++-------
Melee: Short sword       ||    31
       Unarmed           ||     5
 Cast: Magic Dart        ||     5
       Call Imp          ||     2
 Stab: Sleeping          ||     2
Armor: Robe              ||     6
Dodge: Dodged            ||    22
